 Dungeon Crawl Stone Soup version 0.29-a0-817-g9904bce7a6 (webtiles) character file.

Game seed: 6122000853047938617

13545 frimble the Fighter (level 11, -11/104 HPs)
             Began as a Minotaur Monk on July 6, 2022.
             Was a High Priest of Okawaru.
             Mangled by a very large slime creature (38 damage)
             ... on level 12 of the Dungeon.
             The game lasted 00:15:53 (12777 turns).

frimble the Fighter (Minotaur Monk)                Turns: 12777, Time: 00:15:53

Health: -11/104    AC: 20    Str: 16    XL:     11   Next: 77%
Magic:  13/13      EV: 10    Int: 11    God:    Okawaru [*****.]
Gold:   399        SH:  0    Dex: 13    Spells: 4/10 levels left

rFire   . . .      SeeInvis .   H - +7 Singing Sword {vorpal, sonic wave}
rCold   . . .      Faith    .   (no shield)
rNeg    . . .      Spirit   .   y - +1 chain mail {Will+}
rPois   +          Reflect  .   (helmet restricted)
rElec   .          Harm     .   v - +0 cloak
rCorr   .          Rampage  .   G - +0 pair of gloves
Will    +....                   L - +0 pair of boots
Stlth   ..........              j - amulet of magic regeneration
HPRegen 0.27/turn               s - ring of poison resistance
MPRegen 0.53/turn               F - +4 ring of protection

@: heroic
A: horns 2, retaliatory headbutt
a: Renounce Religion, Heroism, Finesse, Duel


You were on level 12 of the Dungeon.
You worshipped Okawaru.
Okawaru was extremely pleased with you.
You visited 2 branches of the dungeon, and saw 13 of its levels.
You also visited: Bailey.

You collected 951 gold pieces.
You spent 552 gold pieces at shops.

Inventory:

Hand Weapons
 a - a +8 spectral club
 A - the +7 spear of the Sage {vamp, Str+10}
   (You took it off an orc warrior in a bailey)

   It occasionally heals its wielder for a portion of the damage dealt when it
   wounds a living foe.
   Str:       It affects your strength (+10).
 H - the +7 Singing Sword (weapon) {vorpal, sonic wave}
   (You found it on level 8 of the Dungeon)

   It inflicts extra damage upon your enemies.
   It radiates damaging sonic waves as it strikes, especially in combat
   involving dangerous or numerous foes.
Missiles
 b - 25 boomerangs (quivered)
 m - 16 curare-tipped darts
 p - 2 javelins
 q - 22 poisoned darts
 C - 3 silver boomerangs
 J - 4 throwing nets
Armour
 v - a +0 cloak (worn)
 x - a +2 leather armour of cold resistance
 y - a +1 chain mail of willpower (worn)
 G - a +0 pair of gloves (worn)
 L - a +0 pair of boots (worn)
 M - the +6 plate armour "Zoluej" {Int+7 Dex+2}
   (You bought it in a shop on level 3 of the Dungeon)

   Int:       It affects your intelligence (+7).
   Dex:       It affects your dexterity (+2).
 Q - the +3 ring mail "Amoiteg" {Int+7 Dex-4}
   (Okawaru gifted it to you on level 12 of the Dungeon)

   Int:       It affects your intelligence (+7).
   Dex:       It affects your dexterity (-4).
Jewellery
 j - an amulet of magic regeneration (around neck)
 s - a ring of poison resistance (left hand)
 F - a +4 ring of protection (right hand)
 O - a ring of positive energy
Wands
 o - a wand of paralysis (14)
 u - a wand of mindburst (19)
 B - a wand of iceblast (9)
 E - a wand of flame (8)
 R - a wand of digging (1)
Scrolls
 d - 4 scrolls of teleportation
 e - 2 scrolls of blinking
 f - a scroll of brand weapon
 g - a scroll of enchant armour
 k - a scroll of immolation
 D - a scroll of fear
 K - a scroll of amnesia
 N - 3 scrolls of identify
 P - a scroll of poison {unknown}
Potions
 c - 2 potions of ambrosia
 h - 2 potions of flight
 i - 3 potions of heal wounds
 l - a potion of attraction
 n - a potion of berserk rage
 r - 9 potions of curing
 t - 2 potions of lignification
 w - 3 potions of invisibility {unknown}
 z - 2 potions of cancellation
 I - a potion of mutation {unknown}


   Skills:
 - Level 12.0(17.0) Fighting
 - Level 3.1(9.7) Short Blades
 * Level 6.0(11.5) Long Blades
 - Level 9.0(14.0) Maces & Flails
 - Level 4.0(9.0) Polearms
 + Level 6.7(11.7) Throwing
 - Level 5.0(10.0) Armour
 - Level 5.4(10.4) Dodging
 - Level 2.0(7.0) Stealth
 - Level 5.0 Invocations
 + Level 7.7 Evocations


You had 4 spell levels left.
You knew the following spells:

 Your Spells              Type           Power      Damage    Failure   Level
a - Statue Form           Tmut/Erth      0%         N/A       100%        6

Your spell library contained the following spells:

 Spells                   Type           Power      Damage    Failure   Level
 Blink                    Tloc           0%         N/A       99%         2
 Conjure Flame            Conj/Fire      0%         6-21      100%        3
 Ignite Poison            Fire/Tmut/Pois 0%         N/A       100%        3
 Portal Projectile        Hex/Tloc       0%         N/A       100%        3
 Leda's Liquefaction      Hex/Erth       0%         N/A       100%        4
 Sticky Flame             Conj/Fire      0%         2d3       100%        4
 Fireball                 Conj/Fire      0%         3d3       100%        5
 Lee's Rapid Deconstruct  Erth           0%         3d5*      100%        5
 Manifold Assault         Tloc           0%         N/A       100%        5
 Conjure Ball Lightning   Conj/Air       0%         3x3d6     100%        6
 Starburst                Conj/Fire      0%         6d3       100%        6
 Storm Form               Tmut/Air       0%         N/A       100%        7
 Discord                  Hex            0%         N/A       100%        8
 Disjunction              Tloc           0%         N/A       100%        8
 Ignition                 Fire           0%         3d3       100%        8
 Call Canine Familiar     Summ           Unusable   N/A       N/A         3

Dungeon Overview and Level Annotations

Branches:
Dungeon (13/15)            Temple (1/1) D:7            Lair (0/6) D:10
    Orc (0/2) D:12         Bailey (visited)
 Vaults: D:13-14

Altars:
Ashenzari
Cheibriados
Dithmenos
Elyvilon
Fedhas
Gozag
Hepliaklqana
Kikubaaqudgha
Makhleb
Nemelex Xobeh
Okawaru
Qazlal
Ru
Sif Muna
Trog
Uskayaw
Vehumet
Wu Jian
Xom
Yredelemnul
Zin
The Shining One

Shops:
D:3 [

Annotations:
D:8 3 runed translucent doors, benadryl's ghost, journeyman DjIE


Innate Abilities, Weirdness & Mutations

You have a pair of horns on your head.
You reflexively headbutt those who attack you in melee.


Message History

You headbutt the very large slime creature.
The very large slime creature is heavily wounded.
The slime creature hits you but does no damage.
You barely miss the very large slime creature.
The very large slime creature is heavily wounded.
The very large slime creature hits you!!
The slime creature misses you.
You slice the very large slime creature!!
The Singing Sword lets out a series of bird calls.
You send a blast of sound all around you.
The slime creature and the very large slime creature are blasted.
The slime creature is moderately wounded.
The very large slime creature is severely wounded. x2
You hear two shouts!
You hear a roar!
The very large slime creature hits you!!!
Ouch! That really hurt!
* * * LOW HITPOINT WARNING * * *
The slime creature barely misses you.
You are too injured to fight recklessly!
You are too injured to fight recklessly!
You are too injured to fight recklessly!
You are too injured to fight recklessly!
You are too injured to fight recklessly!
You are too injured to fight recklessly!
You are too injured to fight recklessly!
You are too injured to fight recklessly!
You are too injured to fight recklessly!
You are too injured to fight recklessly!
You are too injured to fight recklessly!
You are too injured to fight recklessly!
You are too injured to fight recklessly!
You are too injured to fight recklessly!
You are too injured to fight recklessly!
You are too injured to fight recklessly!
You are too injured to fight recklessly!
You slice the very large slime creature!!
You headbutt the very large slime creature!
The very large slime creature is almost dead.
The very large slime creature hits you!!!
You die...

......#.#..#.##.#..# ..
#####.#....#.##.#..##.#
........#).#.##.#.....#
##.....#####.##.##.#####.#
.[...........##..........#
##†....###########.####..#
#.....# ............#
#.....# #########.#.#
#.....# #@J..#.# #.....#
#J###### #.....# #..
#..[..# #!.# #.....# #..#
####### #..# #..# #..#


You could see a very large slime creature and a slime creature.

Vanquished Creatures
  Harold (D:9)
  A two-headed ogre (D:8)
  Pikel (D:7)
  A deep elf pyromancer (D:12)
  2 manticores (D:12)
  A gargoyle (D:12)
  A komodo dragon (D:10)
  A troll (D:6)
  Grinder (D:6)
  Sigmund (D:2)
  A shadow (D:12)
  3 wraiths
  A wyvern (D:10)
  17 yaks
  Menkaure (D:7)
  4 vampire mosquitoes (D:10)
  2 water moccasins
  Duvessa (D:6)
  4 sky beasts
  6 orc warriors
  3 ice beasts
  4 centaurs
  3 phantoms
  2 lemures (D:7)
  7 kobold brigands
  2 bullfrogs (D:7)
  6 scorpions
  4 wights (D:9)
  28 killer bees
  Dowan (D:6)
  A troll zombie (D:12)
  7 hounds
  2 jellies
  Crazy Yiuf (D:5)
  3 gnoll boudas
  4 orc priests
  Ijyb (D:3)
  7 iguanas
  8 orc wizards
  7 ogre zombies (D:12)
  7 gnolls (D:6)
  10 adders
  A shadow imp (D:8)
  2 white imps
  5 worms
  4 dart slugs
  23 orcs
  10 bats
  5 endoplasms
  A giant cockroach (D:2)
  2 hobgoblins
  3 jackals
  27 kobolds
  2 quokkas
  5 ball pythons
  15 frilled lizards
  4 goblins
  2 goblin skeletons (D:12)
  3 goblin zombies (D:12)
  2 hobgoblin skeletons (D:12)
  2 hobgoblin zombies (D:12)
  3 orc skeletons (D:12)
  13 orc zombies (D:12)
  5 rats
308 creatures vanquished.

Vanquished Creatures (others)
  A butterfly (D:4)
  15 fungi
  29 plants
45 creatures vanquished.

Grand Total: 353 creatures vanquished

Notes
Turn   | Place    | Note
-------+----------+-------------------------------------------
     0 | D:1      | frimble the Minotaur Monk began the quest for the Orb.
     0 | D:1      | Reached XP level 1. HP: 19/19 MP: 0/0
   385 | D:1      | Reached XP level 2. HP: 27/27 MP: 1/1
   676 | D:1      | Found a faded altar of an unknown god.
  1034 | D:2      | Reached skill level 4 in Fighting
  1157 | D:2      | Identified the +5 dagger "Puqat" {flame, *Noise rElec rF+}
  1180 | D:2      | Reached XP level 3. HP: 33/33 MP: 2/2
  1510 | D:2      | Noticed Sigmund
  1521 | D:2      | Killed Sigmund
  1522 | D:2      | Reached skill level 5 in Fighting
  1522 | D:2      | Reached XP level 4. HP: 36/42 MP: 3/3
  1522 | D:2      | Reached XP level 5. HP: 42/48 MP: 4/4
  2401 | D:3      | Found a hide-covered altar of Uskayaw.
  2487 | D:3      | Reached XP level 6. HP: 40/56 MP: 5/5
  2790 | D:3      | Found Jokofau's Antique Armour Shop.
  2813 | D:3      | Noticed Ijyb
  2825 | D:3      | Killed Ijyb
  2826 | D:3      | Reached skill level 1 in Throwing
  2826 | D:3      | Reached skill level 5 in Dodging
  3398 | D:4      | Reached skill level 1 in Maces & Flails
  3484 | D:4      | Noticed a sky beast
  3491 | D:4      | Killed a sky beast
  3734 | D:4      | Found a white marble altar of Elyvilon.
  3764 | D:4      | Reached skill level 6 in Fighting
  3764 | D:4      | Reached XP level 7. HP: 50/63 MP: 6/6
  4315 | D:5      | Entered Level 5 of the Dungeon
  4335 | D:5      | Found a shimmering blue altar of Sif Muna.
  5167 | D:5      | Identified the +10 dagger "Moutouxza" {freeze, Dex+6}
  5250 | D:5      | Reached skill level 7 in Fighting
  5402 | D:5      | Found a runed translucent door.
  5403 | D:5      | Noticed Crazy Yiuf
  5409 | D:5      | Killed Crazy Yiuf
  5410 | D:5      | Reached XP level 8. HP: 62/73 MP: 7/7
  5484 | D:6      | Noticed Dowan
  5487 | D:6      | Noticed Duvessa
  5502 | D:6      | Killed Duvessa
  5503 | D:6      | Reached skill level 1 in Evocations
  5503 | D:6      | Killed Dowan
  5711 | D:6      | Found a glowing silver altar of Zin.
  5800 | D:6      | Reached skill level 5 in Maces & Flails
  6080 | D:6      | Reached skill level 8 in Fighting
  6397 | D:6      | Noticed a troll
  6403 | D:6      | Killed a troll
  6404 | D:6      | Reached XP level 9. HP: 66/82 MP: 8/8
  6481 | D:6      | Found a shadowy altar of Dithmenos.
  6483 | D:6      | Found an ornate altar of the Wu Jian Council.
  6486 | D:6      | Found a shimmering altar of Xom.
  6492 | D:6      | Found a snail-covered altar of Cheibriados.
  6666 | D:6      | Noticed Grinder
  6673 | D:6      | Killed Grinder
  6674 | D:6      | Reached skill level 9 in Fighting
  6963 | D:7      | Found a staircase to the Ecumenical Temple.
  6974 | D:7      | Noticed Menkaure
  6981 | D:7      | Killed Menkaure
  7052 | D:7      | Found a flagged portal.
  7062 | Bailey   | Entered a bailey
  7329 | Bailey   | Reached skill level 5 in Evocations
  7362 | Bailey   | Identified the +7 spear of the Sage {vamp, Str+10}
  7371 | Bailey   | Reached skill level 10 in Fighting
  7787 | Bailey   | Found an iron altar of Okawaru.
  7953 | D:7      | Reached XP level 10. HP: 93/94 MP: 9/9
  8058 | D:7      | Noticed Pikel
  8081 | D:7      | Killed Pikel
  8582 | Temple   | Entered the Ecumenical Temple
  8684 | Temple   | Became a worshipper of Warmaster Okawaru
  8684 | Temple   | Reached * piety under Okawaru
  8684 | Temple   | Reached ** piety under Okawaru
  8747 | D:8      | Reached skill level 1 in Armour
  8748 | D:8      | Reached skill level 1 in Invocations
  9228 | D:8      | Found a runed translucent gate.
  9228 | D:8      | Found a runed translucent gate.
  9228 | D:8      | Found a runed translucent gate.
  9589 | D:8      | Noticed a two-headed ogre
  9595 | D:8      | Killed a two-headed ogre
  9596 | D:8      | Reached skill level 11 in Fighting
  9747 | D:8      | Reached *** piety under Okawaru
  9748 | D:8      | Reached skill level 5 in Throwing
 10139 | D:8      | Reached XP level 11. HP: 62/102 MP: 12/12
 10140 | D:8      | Noticed benadryl's ghost (journeyman DjIE)
 10303 | D:8      | Found the +7 Singing Sword {vorpal, sonic wave}
 10498 | D:9      | Reached **** piety under Okawaru
 10499 | D:9      | Reached skill level 1 in Long Blades
 10879 | D:9      | Noticed Harold
 10888 | D:9      | Killed Harold
 11722 | D:3      | Bought a pair of boots for 76 gold pieces
 11722 | D:3      | Bought a crude plate armour for 476 gold pieces
 11722 | D:3      | Identified the +6 plate armour "Zoluej" {Int+7 Dex+2} (You
                  | bought it in a shop on level 3 of the Dungeon)
 11866 | D:10     | Entered Level 10 of the Dungeon
 11866 | D:10     | Found a radiant altar of Vehumet.
 11879 | D:10     | Reached skill level 5 in Armour
 11886 | D:10     | Reached ***** piety under Okawaru
 12112 | D:10     | Found a staircase to the Lair.
 12181 | D:10     | Reached skill level 12 in Fighting
 12300 | D:10     | You fall into a shaft and drop 3 floors!
 12331 | D:12     | Found a staircase to the Orcish Mines.
 12337 | D:12     | Reached skill level 5 in Long Blades
 12544 | D:12     | Noticed a deep elf pyromancer
 12547 | D:12     | Killed a deep elf pyromancer
 12548 | D:12     | Reached skill level 5 in Invocations
 12553 | D:12     | Identified the +3 ring mail "Amoiteg" {Int+7 Dex-4}
                  | (Okawaru gifted it to you on level 12 of the Dungeon)
 12553 | D:12     | Received a gift from Okawaru
 12588 | D:12     | Learned a level 6 spell: Statue Form
 12777 | D:12     | Mangled by a very large slime creature

Illustrated notes

Levels and vault maps discovered:
D:1:      scummos_arrival_simple_crosswalls, layout_basic,
          hellmonk_ecumenical_altar_run_dry, minmay_cupped
D:2:      layout_basic, dk_noncrumbling_3, dk_noncrumbling_4, uniq_sigmund
D:3:      layout_loops_ring, mainiacjoe_overflow_small_starburst, serial_shops,
          nicolae_shop_stone, kennysheep_path_1, minmay_lizard_king, uniq_ijyb
D:4:      layout_cave_pools, nicolae_elyvilon_peaceful_grove, st_stairs_3
D:5:      layout_gridville, mainiacjoe_overflow_brackets,
          uniq_crazy_yiuf_cottage
D:6:      layout_cave_pods, minitemple, zin_academy, serial_column_ruins,
          column_ruins_hut, column_ruins_grid_4, column_ruins_grid_1,
          column_ruins_columns_straight, column_ruins_columns_corner,
          column_ruins_corridor_corner, column_ruins_open_large,
          amcnicky_mini_rare_corridor_liquid, uniq_duvessa, uniq_grinder
D:7:      layout_basic, temple_statues, enter_bailey_1,
          minmay_misc_feat_secret_circle, uniq_menkaure, uniq_pikel
D:8:      old_forge, layout_loops_ring, gammafunk_ghost_necromancy,
          minmay_misc_feat_rows, amcnicky_mini_pool_medium
D:9:      layout_stronghold, small_statue_intersection, uniq_harold
D:10:     cheibrodos_elevator_heist, layout_irregular_city, fiery_altar_vehumet,
          david_lair_shrubbed
D:12:     layout_basic, zombieorc2_lemuel
D:13:     layout_long_grid, grunt_vaults_entry_tiered
Temple:   hellmonk_temple_forest_ring

Skill      XL: |  1  2  3  4  5  6  7  8  9 10 11 |
---------------+----------------------------------+-----
Fighting       | 4 5 6 7 8 10 11 12 | 12.0
Polearms       | 4 |  4.0
Stealth        | 2 |  2.0
Short Blades   | 2 3 |  3.1
Dodging        | 4 5 |  5.4
Throwing       | 2 3 4 5 6 |  6.7
Maces & Flails | 2 4 6 8 9 |  9.0
Evocations     | 3 5 6 7 |  7.7
Armour         | 4 5 |  5.0
Invocations    | 3 5 |  5.0
Long Blades    | 6 |  6.0

Action                   |  1- 3 |  4- 6 |  7- 9 | 10-12 || total
-------------------------+-------+-------+-------+-------++-------
Melee: Spear             |    63 |       |       |       ||    63
       Headbutt          |     8 |     8 |    39 |    54 ||   109
       Punch             |     2 |     1 |     3 |     9 ||    15
       Dagger            |    14 |    63 |       |       ||    77
       Club              |       |    29 |   181 |   164 ||   374
       Double sword      |       |       |       |    97 ||    97
Throw: Dart              |     1 |     3 |     8 |       ||    12
       Boomerang         |       |       |    25 |    25 ||    50
Invok: Heroism           |       |       |       |    11 ||    11
Evoke: Wand              |       |       |     2 |     3 ||     5
  Use: Scroll            |       |       |    23 |       ||    23
       Potion            |       |       |     3 |       ||     3
 Stab: Sleeping          |     4 |     2 |     1 |       ||     7
       Distracted        |       |       |     1 |     2 ||     3
Armor: Robe              |     6 |    10 |    14 |       ||    30
       Chain mail        |       |       |    10 |   109 ||   119
       Leather armour    |       |       |     6 |       ||     6
Dodge: Dodged            |    34 |    40 |   125 |   108 ||   307

Table legend: (Time is in decaauts)
 A = Elapsed time spent in this place.
 B = Non-inter-level travel time spent in this place.
 C = Inter-level travel time spent in this place.
 D = Time resting spent in this place.
 E = Time spent auto-exploring this place.
 F = Levels seen in this place.
 G = Mean time per level.
                   A        B        C        D        E       F      G
               +--------+--------+--------+--------+--------+-----+--------+
         Total |  12772 |  11886 |    886 |    299 |   9813 |  14 |  912.3 |
       Dungeon |  11845 |  10996 |    849 |    237 |   9196 |  12 |  987.1 |
        Temple |    120 |     84 |     36 |      0 |     73 |   1 |  120.0 |
        Bailey |    806 |    806 |      0 |     62 |    544 |   1 |  806.0 |
               +--------+--------+--------+--------+--------+-----+--------+

Top non-repeatable levels by time:
     D:8: 1579 daAuts
     D:6: 1331 daAuts
     D:3: 1243 daAuts
     D:5: 1224 daAuts
     D:9: 1213 daAuts
     D:7: 1171 daAuts
     D:1: 1061 daAuts
     D:4: 1058 daAuts
     D:2: 1051 daAuts
  Bailey: 806 daAuts
    D:12: 466 daAuts
    D:10: 435 daAuts
  Temple: 120 daAuts
    D:13: 7 daAuts
